 Dungeon Crawl Stone Soup version 0.29.1-2-gbd0b4ee654 (webtiles) character file.

Game seed: 4601786878346086941

53 DildoBatman the Conjurer (level 4, 0/30 HPs)
             Began as a Formicid Conjurer on Nov 21, 2022.
             Slain by a kobold
             ... wielding a +0 short sword
              (4 damage)
             ... on level 3 of the Dungeon.
             The game lasted 00:04:47 (2068 turns).

DildoBatman the Conjurer (Formicid Conjurer)        Turns: 2068, Time: 00:04:48

Health: 0/30       AC:  3    Str: 12    XL:     4   Next: 10%
Magic:  7/7        EV: 12    Int: 19    God:
Gold:   76         SH:  0    Dex: 12    Spells: 4/7 levels left

rFire   . . .      SeeInvis +   a - +0 sling
rCold   . . .      Faith    +   (no shield)
rNeg    . . .      Spirit   .   u - +0 robe
rPois   +          Reflect  .   (helmet unavailable)
rElec   .          Harm     .   (no cloak)
rCorr   .          Rampage  .   (no gloves)
Will    .....                   l - +0 pair of boots
Stlth   ++........              j - amulet of faith
HPRegen 0.10/turn               q - ring of poison resistance
MPRegen 0.10/turn               (no ring)

@: no status effects
A: permanent stasis, dig shafts and tunnels, antennae 3, four strong arms
a: Dig, Shaft Self


You were on level 3 of the Dungeon.
You visited 1 branch of the dungeon, and saw 3 of its levels.

You collected 76 gold pieces.

Inventory:

Hand Weapons
 a - a +0 sling (weapon)
 b - a +0 long sword
Missiles
 c - 47 stones
 o - 5 javelins
 t - 2 poisoned darts
Armour
 l - a +0 pair of boots (worn)
 u - a +0 robe (worn)
Magical Staves
 p - a staff of conjuration
Jewellery
 j - an amulet of faith (around neck)
 q - a ring of poison resistance (left hand)
Scrolls
 e - 5 scrolls of identify {unknown}
 h - a scroll of enchant armour {unknown}
 k - a scroll of noise {unknown}
 m - a scroll of teleportation {unknown}
 n - a scroll of magic mapping {unknown}
Potions
 d - 2 potions of lignification {unknown}
 f - a potion of curing {unknown}
 g - a potion of haste {unknown}
 i - 2 potions of degeneration {unknown}
 r - a potion of heal wounds {unknown}
 s - a potion of magic


   Skills:
 - Level 1.7 Dodging
 - Level 2.4 Stealth
 - Level 2.1 Spellcasting
 * Level 4.9 Conjurations


You had 4 spell levels left.
You knew the following spells:

 Your Spells              Type           Power      Damage    Failure   Level
a - Searing Ray           Conj           40%        2d5       3%          2
c - Magic Dart            Conj           80%        1d7       2%          1

Your spell library contained the following spells:

 Spells                   Type           Power      Damage    Failure   Level
 Dazzling Flash           Conj/Hex       22%        N/A       19%         3
 Fulminant Prism          Conj/Hex       5%         3d7       52%         4
 Iskenderun's Mystic Bla  Conj/Tloc      11%        2d4       52%         4


Dungeon Overview and Level Annotations

Branches:
Dungeon (3/15)

Altars:

Shops:
D:2 :[=

Annotations:
D:2 Jessica


Innate Abilities, Weirdness & Mutations

You cannot be hasted, slowed, berserked, paralysed or teleported.
You can dig through walls and to a lower floor.
You have a pair of large antennae on your head. (SInv)
Your four strong arms can wield two-handed weapons with a shield.


Message History

t - Shout!
Orders for allies: a - Attack new target. r - Retreat! s - Stop attacking. g - Guard the area. f - Follow me.
Anything else - Cancel.
You shout for attention!
The kobold hits you with a +0 short sword.
What are your orders? t - Shout!
Orders for allies: a - Attack new target. r - Retreat! s - Stop attacking. g - Guard the area. f - Follow me.
Anything else - Cancel.
You shout for attention!
The kobold closely misses you. What are your orders? t - Shout!
Orders for allies: a - Attack new target. r - Retreat! s - Stop attacking. g - Guard the area. f - Follow me.
Anything else - Cancel.
You shout for attention!
The kobold closely misses you. What are your orders? t - Shout!
Orders for allies: a - Attack new target. r - Retreat! s - Stop attacking. g - Guard the area. f - Follow me.
Anything else - Cancel.
You shout for attention!
The kobold closely misses you. What are your orders? t - Shout!
Orders for allies: a - Attack new target. r - Retreat! s - Stop attacking. g - Guard the area. f - Follow me.
Anything else - Cancel.
You shout for attention!
The kobold hits you with a +0 short sword.
You die...

##########
.........#
.........#
.........########
.........<.......
............#####
..........@...#
###########K......
#.##### ..# ..#
#... ##<# ..


You could see a kobold.

Vanquished Creatures
  An adder (D:3)
  A dart slug (D:1)
  5 endoplasms
  4 giant cockroaches
  3 goblins
  8 hobgoblins
  A kobold (D:2)
  3 quokkas (D:1)
  5 ball pythons
  2 bats (D:1)
  A frilled lizard (D:1)
  2 rats (D:1)
36 creatures vanquished.

Notes
Turn   | Place    | Note
-------+----------+-------------------------------------------
     0 | D:1      | DildoBatman the Formicid Conjurer began the quest for the
                  | Orb.
     0 | D:1      | Reached XP level 1. HP: 13/13 MP: 3/3
   231 | D:1      | Reached XP level 2. HP: 13/19 MP: 0/5
   290 | D:1      | Reached skill level 4 in Conjurations
   296 | D:1      | Learned a level 2 spell: Searing Ray
   688 | D:1      | Reached XP level 3. HP: 22/24 MP: 3/6
  1223 | D:2      | Noticed Jessica
  1511 | D:2      | Found Amon's Armour Shop.
  1552 | D:2      | Found Zeuharcha's Jewellery Shoppe.
  1749 | D:2      | Found Emalud's Book Emporium.
  2025 | D:3      | Reached XP level 4. HP: 30/30 MP: 3/7
  2068 | D:3      | Slain by a kobold

Illustrated notes

Levels and vault maps discovered:
D:1:      dpeg_arrival_pits, layout_loops_corners, minmay_misc_feat_cross,
          minmay_tetromino_t2
D:2:      layout_basic, serial_shops, nicolae_lakefront_shop,
          nicolae_shop_stone, shop, minivault_23, minmay_goblin_kobold_house,
          uniq_jessica
D:3:      layout_rooms, lemuel_doored_altar, overflow_temple_1_default,
          serial_park_tiny_pond, chequers_serial_rivers_room_b, hex_large,
          uniq_ijyb

Skill      XL: |  1  2 |
---------------+-------+-----
Conjurations   | 4 |  4.9
Dodging        | |  1.7
Stealth        | |  2.4
Spellcasting   | |  2.1

Action                   |  1- 3 |  4- 6 || total
-------------------------+-------+-------++-------
Melee: Unarmed           |    13 |       ||    13
       Club              |    13 |       ||    13
 Fire: Sling             |     2 |       ||     2
 Cast: Magic Dart        |    66 |       ||    66
       Searing Ray       |     3 |       ||     3
 Stab: Sleeping          |     3 |       ||     3
Armor: Robe              |     4 |     8 ||    12
Dodge: Dodged            |    23 |    18 ||    41
